 Dungeon Crawl Stone Soup version 0.20.1-1-g8b1a95d (webtiles) character file.

52 seb29deBrest the Charmwright (level 3, -1/28 HPs)
             Began as a Barachi Skald on Nov 14, 2017.
             Slain by an adder (5 damage)
             ... on level 1 of the Dungeon.
             The game lasted 00:06:46 (1112 turns).

seb29deBrest the Charmwright (Barachi Skald)        Turns: 1112, Time: 00:06:47

Health: -1/28      AC:  4    Str: 13    XL:     3   Next: 85%
Magic:  4/6        EV: 12    Int: 13    God:
Gold:   9          SH:  0    Dex: 11    Spells: 1/6 levels left

rFire    . . .     SeeInvis .   a - +0 falchion
rCold    . . .     Gourm    .   (no shield)
rNeg     . . .     Faith    .   b - +1 leather armour
rPois    .         Spirit   .   (no helmet)
rElec    .         Reflect  .   (no cloak)
rCorr    .         Harm     .   (no gloves)
MR       .....                  (no boots)
Stlth    +.........             (no amulet)
Regen    0.1/turn               (no ring)
MPRegen  0.1/turn               (no ring)

@: slow
A: +LOS, swims, slowness 1, strong legs 1
a: Hop


You were on level 1 of the Dungeon.
You were not hungry.

You visited 1 branch of the dungeon, and saw 2 of its levels.

You collected 9 gold pieces.

Inventory:

Hand Weapons
 a - a +0 falchion (weapon)
Armour
 b - a +1 leather armour (worn)
Potions
 f - a potion of curing
 g - a potion of cancellation {unknown}
 k - a potion of lignification {unknown}
Books
 c - a book of Battle

   Spells                             Type                      Level
   a - Infusion                       Charms                       1
   b - Shroud of Golubria             Charms/Translocation         2
   c - Song of Slaying                Charms                       2
   d - Spectral Weapon                Hexes/Charms                 3
   e - Regeneration                   Charms/Necromancy            3
Comestibles
 d - a bread ration
 h - a royal jelly


   Skills:
 + Level 2.8 Fighting
 + Level 3.3 Long Blades
 + Level 2.0 Armour
 + Level 2.6 Dodging
 + Level 2.3 Spellcasting
 + Level 3.6 Charms
 + Level 0.2 Translocations


You had one spell level left.
You knew the following spells:

 Your Spells              Type           Power        Failure   Level  Hunger
a - Infusion              Chrm           ##..         7%          1    #......
b - Shroud of Golubria    Chrm/Tloc      #.........   22%         2    ###....
c - Song of Slaying       Chrm           ##......     11%         2    ###....


Dungeon Overview and Level Annotations

Branches:
Dungeon (2/15)

Altars:

Annotations:
D:2 Robin, Sigmund


Innate Abilities, Weirdness & Mutations

Shadows flee at your approach. (+LOS)
You can swim through water.
You cover ground slowly.
You can hop short distances.


Message History

Found 23 arrows.
The adder barely misses you.
Found a robe and a coppery potion.
Found two stone staircases leading up.
Found 13 gold pieces.
Sigmund the Dreaded comes into view.
He is wielding a scythe.
The adder bites you.
There is a stone staircase leading up here.
The adder bites you.
* * * LOW HITPOINT WARNING * * *
You climb upwards.
There is a stone staircase leading down here.
Casting: Shroud of Golubria
Confirm with . or Enter, or press ? or * to list all spells.
Space distorts slightly along a thin shroud covering your body.
The adder closely misses you.
You riposte.
You hit the adder but do no damage.
The adder is almost dead.
The hobgoblin hits you.
* * * LOW HITPOINT WARNING * * *
The adder bites you.
You die...

######## #......#
######.####.#
#.......###.####
#.##............
####.##.#..###.####
#.@g....#.)###.####
#S##.####......##..
#.##.#####.######.#
#.##.......######.#
#.######.......##..
#.## ##...(....##.#
##).# #..######.##.#
#...####..##.<#.##..
#.###..'...#..#.##.#


You could see an adder and a hobgoblin.

Vanquished Creatures
  4 dart slugs (D:1)
  A leopard gecko (D:2)
  4 bats (D:1)
  A giant cockroach (D:1)
  8 goblins
  4 hobgoblins
  7 jackals
  3 frilled lizards (D:1)
  A kobold (D:1)
  5 rats
38 creatures vanquished.

Notes
Turn   | Place    | Note
-------+----------+-------------------------------------------
     0 | D:1      | seb29deBrest the Barachi Skald began the quest for the Orb.
     0 | D:1      | Reached XP level 1. HP: 17/17 MP: 3/3
   104 | D:1      | Reached XP level 2. HP: 23/23 MP: 5/5
   111 | D:1      | Learned a level 2 spell: Shroud of Golubria
   446 | D:1      | Reached XP level 3. HP: 14/28 MP: 6/6
  1057 | D:1      | Learned a level 2 spell: Song of Slaying
  1080 | D:2      | Noticed Robin
  1109 | D:2      | Noticed Sigmund
  1112 | D:1      | Slain by an adder

Skill      XL: |  1  2  3 |
---------------+----------+-----
Long Blades    | 3 |  3.3
Armour         | 2 |  2.0
Fighting       | |  2.8
Dodging        | |  2.6
Spellcasting   | |  2.3
Charms         | |  3.6
Translocations | |  0.2

Action                   || total
-------------------------++-------
Melee: Falchion          ||    90
 Cast: Shroud of Golubri ||     5
  Use: Scroll            ||     5
       Potion            ||     1
  Eat: Bread ration      ||     1
Armor: Leather armour    ||    44
Dodge: Dodged            ||   133
       Rpst.: Falchion   ||    46
